 Dungeon Crawl Stone Soup version 0.30-a0-857-gcaf70739d4 (webtiles) character file.

Game seed: 6995176724008766391

37 Esekla the Sneak (level 3, -6/26 HPs)
             Began as an Octopode Delver on Mar 6, 2023.
             Mangled by a kobold brigand
             ... wielding a +0 short sword
              (9 damage)
             ... on level 5 of the Dungeon.
             The game lasted 00:03:36 (206 turns).

Esekla the Sneak (Octopode Delver)                   Turns: 206, Time: 00:03:37

Health: -6/26      AC:  1    Str: 11    XL:     3   Next: 41%
Magic:  4/4        EV: 13    Int: 14    God:
Gold:   33         SH:  0    Dex: 13    Spells: 4/4 levels left

rFire   . . .      SeeInvis .    g - +0 dagger (elec)
rCold   . . .      Faith    .    (no shield)
rNeg    . . .      Spirit   .    (helmet restricted)
rPois   .          Reflect  .    (no amulet)
rElec   .          Rampage  .    (no ring)
rCorr   .                        (no ring)
Will    .....                    (no ring)
Stlth   ++++                     (no ring)
HPRegen 0.24/turn                (no ring)
MPRegen 0.09/turn                (no ring)
                                 (no ring)
                                 (no ring)

@: no status effects
A: almost no armour, amphibious, 8 rings, camouflage 1, gelatinous body 1,
(nimble swimmer 1), tentacles
a: no special abilities


You were on level 5 of the Dungeon.
You visited 1 branch of the dungeon, and saw 1 of its levels.

You collected 33 gold pieces.

Inventory:

Hand Weapons
 a - a +0 falchion
 g - a +0 dagger of electrocution (weapon)
 h - a +0 trident
Missiles
 c - 3 poisoned darts (quivered)
Wands
 f - a wand of digging (1)
Scrolls
 b - a scroll of fog
 d - a scroll of teleportation {unknown}
Potions
 e - a potion of haste


   Skills:
 * Level 3.4 Fighting
 * Level 2.2 Long Blades
 * Level 2.1 Dodging
 + Level 7.1 Stealth
 * Level 1.0 Spellcasting


You had 4 spell levels left.
You didn't know any spells.
Your spell library was empty.

Dungeon Overview and Level Annotations

Branches:
Dungeon (5/15)             Temple (0/1) D:5

Altars:
Kikubaaqudgha
Vehumet


Innate Abilities, Weirdness & Mutations

You cannot wear most types of armour.
You are amphibious.
You can wear up to eight rings at the same time.
Your skin changes colour to match your surroundings (Stealth+).
Your rubbery body absorbs attacks. (AC +1, EV +1)
((You are camouflaged when in or above water. (Stealth+)))
You have tentacles for arms and can constrict up to eight enemies at once.


Message History

The kobold closely misses you. The kobold hits you with a +0 dagger.
You hit the kobold.
You kill the kobold!
You barely miss the kobold brigand. Your grab misses the kobold brigand.
The kobold brigand hits you with a +0 short sword.
You hear the crackle of electricity.
g - a +0 dagger of electrocution (weapon)
You hit the kobold brigand but do no damage.
Lightning courses through the kobold brigand!!
Your grab misses the kobold brigand.
The kobold brigand is severely wounded.
The kobold brigand misses you.
You closely miss the kobold brigand. Your grab misses the kobold brigand.
Your squeeze misses the kobold brigand.
The kobold brigand is severely wounded.
The kobold brigand closely misses you.
You completely miss the kobold brigand. Your grab misses the kobold brigand.
The kobold brigand is severely wounded.
The kobold brigand hits you with a +0 short sword.
You barely miss the kobold brigand. Your grab misses the kobold brigand.
The kobold brigand is severely wounded.
The kobold brigand hits you with a +0 short sword!
You closely miss the kobold brigand. Your grab misses the kobold brigand.
The kobold brigand is severely wounded.
The kobold brigand closely misses you.
You hit the kobold brigand but do no damage.
Your grab misses the kobold brigand.
The kobold brigand is severely wounded.
The kobold brigand closely misses you.
You barely miss the kobold brigand. You grab the kobold brigand.
The kobold brigand is severely wounded.
You constrict the kobold brigand.
The kobold brigand hits you with a +0 short sword!
* * * LOW HITPOINT WARNING * * *
A kobold comes into view.
It is wielding a +0 whip and quivering poisoned darts.
You hit the kobold brigand.
The kobold brigand is severely wounded.
You constrict the kobold brigand, but do no damage.
The kobold brigand hits you with a +0 short sword!
You die...

******** *** *,,,,,,* ******,,
*,,,,,,* ***,,,,,,* *****,,,,,,*
***,,,*,,,,, *,,,,,,,,,,*
*,,.*,,,,,,, *,,,********
*#...,,,,,*** ***,,**
####...#..,,,**, *,,..*
#####.........,,,,,,
*,*#.#####KK@........#.*,,,**
*,*#.......###(........,,***
*,##...................,****
*****,.....####............,,,,**
,,,,,,...................#.#**,,,
,,,*,.#####...<.###......#.#*****
**,,,....?o...### #......#.#.###.
*,,**.#..K.#.##*###........,.....
*,***,#.##....(##....####.##.#...


You could see a kobold brigand and a kobold.

Vanquished Creatures
  A hound (D:5)
  An orc (D:5)
  3 jackals (D:5)
  4 kobolds (D:5)
9 creatures vanquished.

Notes
Turn   | Place    | Note
-------+----------+-------------------------------------------
     0 | D:5      | Esekla the Octopode Delver began the quest for the Orb.
     0 | D:5      | Reached XP level 1. HP: 16/16 MP: 1/1
    21 | D:5      | Noticed a black bear
    67 | D:5      | Noticed a hound
   107 | D:5      | Killed a hound
   108 | D:5      | Reached skill level 7 in Stealth
   108 | D:5      | Reached skill level 1 in Spellcasting
   108 | D:5      | Reached XP level 2. HP: 15/21 MP: 1/3
   108 | D:5      | Reached XP level 3. HP: 19/26 MP: 1/4
   194 | D:5      | Noticed a kobold brigand
   206 | D:5      | Mangled by a kobold brigand

Illustrated notes

Levels and vault maps discovered:
D:5:      layout_rooms, nicolae_overflow_hidden_temple,
          minmay_temple_entry_nine_rooms

Skill      XL: |  1 |
---------------+----+-----
Stealth        | 7 |  7.1
Spellcasting   | 1 |  1.0
Fighting       | |  3.4
Long Blades    | |  2.2
Dodging        | |  2.1

Action                     || total
---------------------------++-------
  Melee: Falchion          ||    27
         Constrict         ||     7
         Tentacles         ||     3
         Dagger            ||     8
  Evoke: Wand              ||     2
    Use: Scroll            ||     2
         Potion            ||     1
 Armour: Skin              ||     3
  Dodge: Dodged            ||    25

Table legend: (Time is in decaauts)
 A = Elapsed time spent in this place.
 B = Non-inter-level travel time spent in this place.
 C = Inter-level travel time spent in this place.
 D = Time resting spent in this place.
 E = Time spent auto-exploring this place.
 F = Levels seen in this place.
 G = Mean time per level.
                   A        B        C        D        E       F      G
               +--------+--------+--------+--------+--------+-----+--------+
         Total |    210 |    210 |      0 |     26 |      0 |   1 |  210.0 |
       Dungeon |    210 |    210 |      0 |     26 |      0 |   1 |  210.0 |
               +--------+--------+--------+--------+--------+-----+--------+

Top non-repeatable levels by time:
     D:5: 210 daAuts
